 Dungeon Crawl Stone Soup version 0.20.0-15-g7f486f2 (webtiles) character file.

40 theemperora the Conjurer (level 3, -1/19 HPs)
             Began as a Deep Elf Conjurer on June 9, 2017.
             Slain by dvd's ghost (12 damage)
             ... on level 3 of the Dungeon.
             The game lasted 00:13:46 (1805 turns).

theemperora the Conjurer (Deep Elf Conjurer)        Turns: 1805, Time: 00:13:47

Health: -1/19      AC:  3    Str:  3    XL:     3   Next: 30%
Magic:  9/10       EV: 13    Int: 20    God:
Gold:   101        SH:  0    Dex: 15    Spells: 3/9 levels left

rFire    . . .     SeeInvis .   g - +2 dagger
rCold    . . .     Gourm    .   (no shield)
rNeg     . . .     Faith    .   a - +1 robe
rPois    .         Spirit   .   (no helmet)
rElec    .         Reflect  .   (no cloak)
rCorr    .         Harm     .   (no gloves)
MR       .....                  (no boots)
Stlth    ++........             (no amulet)
Regen    0.1/turn               l - -2 ring of strength (curse)
MPRegen  0.2/turn               (no ring)

@: no status effects
A: no striking features
a: no special abilities


You were on level 3 of the Dungeon.
You were not hungry.

You visited 1 branch of the dungeon, and saw 3 of its levels.

You collected 101 gold pieces.

Inventory:

Hand Weapons
 g - a +2 dagger (weapon)
 n - a +0 longbow
Missiles
 h - 16 arrows
 k - 2 throwing nets (quivered)
Armour
 a - a +1 robe (worn)
 d - a +0 robe
 e - a +0 chain mail
Jewellery
 l - a cursed -2 ring of strength (left hand)
Scrolls
 i - 2 scrolls of amnesia
 j - 2 scrolls of identify
 m - a scroll of teleportation
Books
 b - a book of Conjurations

   Spells                             Type                      Level
   a - Magic Dart                     Conjuration                  1
   b - Searing Ray                    Conjuration                  2
   c - Dazzling Spray                 Conjuration/Hexes            3
   d - Fulminant Prism                Conjuration/Hexes            4
   e - Force Lance                    Conjuration/Translocation    4
   f - Iskenderun's Mystic Blast      Conjuration                  4
Comestibles
 c - a bread ration
 f - a royal jelly


   Skills:
 + Level 2.6 Dodging
 + Level 2.6 Stealth
 * Level 3.5 Spellcasting
 * Level 5.3 Conjurations


You had 3 spell levels left.
You knew the following spells:

 Your Spells              Type           Power        Failure   Level  Hunger
a - Magic Dart            Conj           ###.         1%          1    None
b - Searing Ray           Conj           ###...       2%          2    ##.....
c - Dazzling Spray        Conj/Hex       ##....       14%         3    ###....


Dungeon Overview and Level Annotations

Branches:
Dungeon (3/15)

Altars:
Qazlal

Annotations:
D:3 dvd's ghost, amateur HOFi


Message History

i - 3 scrolls labeled NEGEUD JOX
As you read the scroll labeled NEGEUD JOX, it crumbles to dust.
It is a scroll of amnesia.
Forget which spell ([?*] list [ESC] exit)?
Forget which spell ([?*] list [ESC] exit)?
Forget which spell ([?*] list [ESC] exit)?
Okay, then.
There is a stone staircase leading up here.
Dvd's ghost (amateur Hill Orc Fighter) comes into view.
Casting: Dazzling Spray
Confirm with . or Enter, or press ? or * to list all spells.
Aiming: Magic Dart
Press: ? - help, Shift-Dir - straight line, f - dvd's ghost
Aim: dvd's ghost (hasn't noticed you)
The magic dart hits dvd's ghost.
Dvd's ghost turns its malevolent gaze towards you.
Dvd's ghost hits you! Dvd's ghost hits you!
Ouch! That really hurt!
You die...

# #. #. #
#.. .#
#..###.#
#.....#
###W###
#@# #.#
#.# #.#
########.#
#<.......#
#.########
........#
#.#######


You could see dvd's ghost.

Vanquished Creatures
  2 adders (D:2)
  A leopard gecko (D:2)
  A goblin (D:2)
  4 hobgoblins
  2 jackals (D:1)
  8 kobolds
  A bat (D:2)
  2 frilled lizards (D:2)
  A rat (D:1)
22 creatures vanquished.

Notes
Turn   | Place    | Note
-------+----------+-------------------------------------------
     0 | D:1      | theemperora the Deep Elf Conjurer began the quest for the Orb.
     0 | D:1      | Reached XP level 1. HP: 10/10 MP: 6/6
   360 | D:1      | Reached XP level 2. HP: 15/15 MP: 5/8
   808 | D:2      | Reached skill level 5 in Conjurations
   962 | D:2      | Found a stormy altar of Qazlal.
  1186 | D:2      | Reached XP level 3. HP: 19/19 MP: 2/9
  1419 | D:2      | Learned a level 2 spell: Searing Ray
  1423 | D:2      | Learned a level 3 spell: Dazzling Spray
  1802 | D:3      | Noticed dvd's ghost (amateur HOFi)
  1805 | D:3      | Slain by dvd's ghost

Skill      XL: |  1  2 |
---------------+-------+-----
Conjurations   | 5 |  5.3
Dodging        | |  2.6
Stealth        | |  2.6
Spellcasting   | |  3.5

Action                   || total
-------------------------++-------
Melee: Dagger            ||    13
 Cast: Magic Dart        ||    42
       Dazzling Spray    ||     2
  Use: Scroll            ||    10
       Potion            ||     4
  Eat: Bread ration      ||     1
Armor: Robe              ||     5
       Chain mail        ||     6
Dodge: Dodged            ||    14
